Map: King Sejong Station LE

Players

Gracz - Winner!

  • Race: Zerg Zerg
  • League: Silver

MysticPersia

  • Race: Protoss Protoss
  • League: Gold

VOD

Have the link to the VOD?

Description

Time

  • Played on: Oct. 26, 2016, 1:49 p.m.
  • Length: 30:17
Show
View Real Time Build Order
Export as new Build Order

Gracz Zerg - Winner!

Build Orders: Hatch First 

Get SALT Encoding   

  12  0:01  Drone  
  13  0:17  Overlord  
  13  0:25  Drone  
  14  0:46  Unknown, Hatchery  
  13  0:51  Drone  
  13  0:52  Drone  
  13  0:55  Drone  
  16  1:03  Drone  
  17  1:16  Spawning Pool  
  16  1:21  Extractor  
  16  1:23  Drone  
  16  1:25  Drone  
  17  1:37  Drone  
  18  1:46  Drone  
  19  1:57  Unknown  
  19  1:58  Drone x2  
  21  2:06  Roach Warren  
  20  2:08  Drone  
  20  2:11  Queen  
  25  2:26  Extractor, Drone  
  25  2:40  Drone  
  25  2:41  Drone x2  
  25  2:43  Overlord  
  26  2:46  Queen  
  26  2:49  Overlord  
  28  3:09  Drone  
  29  3:14  Drone x5  
  34  3:29  Drone x2  
  34  3:30  Drone x3  
  39  3:45  Roach x2  
  43  3:51  Extractor  
  43  3:54  Drone x2  
  44  3:58  Overlord  
  44  4:28  Roach  
  44  4:29  Roach x3  
  44  4:31  Overlord x2  
  51  4:53  Lair  
  51  5:06  Roach  
  59  5:07  Roach x7  
  67  5:14  Evolution Chamber  
  67  5:20  Evolution Chamber  
  65  5:30  Overlord x2  
  65  5:47  Zerg Melee Weapons Level 1, Zerg Ground Armor Level 1  
  65  5:49  Drone x2  
  67  6:10  Spire  
  66  6:13  Drone x2  
  68  6:23  Infestation Pit  
  67  6:26  Roach x4  
  67  6:28  Overlord x2  
  75  6:45  Unknown, Hatchery  
  74  6:58  Pneumatized Carapace  
  74  6:59  Queen  
  74  7:00  Drone x3  
  74  7:01  Drone x3  
  82  7:05  Extractor  
  81  7:28  Zerg Flyer Weapons Level 1  
  81  7:57  Unknown  
  81  7:59  Drone  
  81  8:00  Drone x10  
  92  8:14  Corruptor  
  92  8:15  Corruptor x4  
  102  8:24  Overlord x2  
  85  9:03  Mutalisk  
  85  9:04  Mutalisk x10  
  58  10:40  Mutalisk x3  
  58  10:41  Mutalisk x3  
  62  11:50  Hive  
  62  11:56  Drone x6  
  68  12:02  Unknown, Hatchery  
  67  12:25  Queen  
  67  12:28  Overseer x3  
  69  12:31  Overlord x5  
  69  12:40  Overlord  
  69  12:56  Drone  
  69  12:57  Drone x3  
  73  13:01  Queen  
  73  13:05  Unknown, Hatchery  
  74  13:08  Queen  
  76  13:13  Unknown  
  76  13:26  Drone x7  
  76  13:27  Drone  
  84  13:30  Greater Spire  
  84  13:50  Hydralisk Den  
  84  13:54  Zerg Ground Armor Level 2, Ultralisk Cavern  
  82  13:56  Zerg Melee Weapons Level 2  
  82  13:58  Adrenal Glands  
  82  14:16  Roach, Unknown  
  84  14:17  Roach x7, Zergling x4  
  84  14:18  Zergling x4  
  102  14:25  Drone x5  
  107  14:34  Lurker Den  
  107  14:39  Zergling x2  
  107  14:40  Zergling x10  
  107  14:42  Overlord  
  113  14:49  Queen  
  115  15:04  Ultralisk x6  
  115  15:06  Zergling x2  
  152  15:12  Extractor  
  152  15:14  Drone x2  
  152  15:15  Extractor, Drone x3  
  152  15:16  Drone  
  152  15:18  Drone x2  
  158  15:31  Metabolic Boost  
  158  15:40  Overlord  
  158  15:41  Overlord x4  
  158  16:03  Hydralisk x3  
  158  16:04  Hydralisk x2  
  160  16:06  Corruptor x3  
  174  16:18  Extractor  
  174  16:20  Extractor  
  172  16:32  Lurker  
  173  16:41  Drone x3  
  173  16:42  Drone  
  177  16:47  Drone x3  
  177  16:50  Zergling x2  
  177  16:51  Zergling x6  
  184  16:55  Overlord x5  
  117  17:31  Roach  
  117  17:32  Roach x13  
  145  17:42  Zergling x2  
  146  17:55  Corruptor x7  
  160  18:04  Brood Lord x2  
  164  18:18  Unknown, Hatchery  
  163  18:30  Brood Lord  
  163  18:31  Brood Lord  
  167  18:34  Hydralisk  
  167  18:35  Hydralisk x3  
  167  18:38  Zergling x8  
  167  18:39  Zergling x4  
  167  18:40  Zergling x14  
  188  18:47  Chitinous Plating  
  188  19:08  Roach x6  
  200  19:29  Unknown  
  200  19:41  Spine Crawler, Extractor  
  200  19:42  Spore Crawler  
  200  19:43  Spine Crawler, Extractor  
  195  19:48  Lurker x2  
  195  19:49  Lurker  
  195  19:50  Lurker x2  
  200  20:08  Zerg Ground Armor Level 3  
  200  20:11  Glial Reconstitution  
  200  20:23  Zerg Melee Weapons Level 3  
  131  21:48  Brood Lord x7  
  143  21:57  Hydralisk x4  
  149  22:08  Overseer x2  
  149  22:32  Corruptor x3  
  149  22:34  Zergling x2  
  149  22:35  Zergling x38  
  149  22:36  Zergling x10  
  180  22:49  Zerg Flyer Weapons Level 2  
  119  24:57  Mutalisk  
  119  24:58  Mutalisk x9  
  139  25:01  Roach x2  
  139  25:02  Zergling x2  
  139  25:03  Zergling x4  
  118  27:29  Zergling x2  
  117  27:30  Zergling x16  
  124  29:01  Zergling x2  
  124  29:02  Zergling x16  
Show
View Real Time Build Order
Export as new Build Order

MysticPersia Protoss 

Build Orders:  

Get SALT Encoding   

  12  0:01  Probe (Chrono Boost)  
  13  0:17  Pylon  
  13  0:23  Assimilator  
  13  0:36  Gateway  
  13  0:39  Probe (Chrono Boost)  
  15  0:50  Probe (Chrono Boost)  
  15  0:57  Forge  
  15  1:00  Probe (Chrono Boost)  
  16  1:11  Probe (Chrono Boost)  
  17  1:21  Probe (Chrono Boost)  
  18  1:31  Gateway  
  18  1:34  Cybernetics Core  
  18  1:38  Probe (Chrono Boost)  
  19  2:10  Warp Gate  
  19  2:15  Mothership Core (Chrono Boost)  
  21  2:23  Unknown, Nexus  
  21  2:26  Pylon  
  21  2:33  Probe (Chrono Boost)  
  22  2:37  Pylon  
  22  2:46  Photon Cannon  
  22  2:55  Pylon  
  24  3:00  Adept  
  26  3:10  Gateway  
  24  3:29  Robotics Facility  
  24  3:33  Gateway  
  24  3:34  Unknown  
  24  3:36  Assimilator  
  24  3:48  Pylon  
  24  4:04  Probe (Chrono Boost)  
  24  4:08  Photon Cannon  
  25  4:15  Probe (Chrono Boost)  
  26  4:21  Observer  
  27  4:25  Probe (Chrono Boost)  
  28  4:35  Adept x2  
  28  4:36  Adept, Probe (Chrono Boost)  
  28  4:37  Adept  
  37  4:46  Probe (Chrono Boost)  
  36  4:56  Immortal  
  40  5:04  Pylon, Probe (Chrono Boost)  
  42  5:15  Probe x2 (Chrono Boost)  
  42  5:19  Zealot  
  42  5:20  Zealot  
  47  5:25  Probe (Chrono Boost)  
  48  5:36  Probe (Chrono Boost)  
  48  5:40  Pylon  
  48  5:41  Adept  
  51  5:42  Adept  
  51  5:44  Adept  
  51  5:46  Adept, Probe (Chrono Boost)  
  59  5:57  Probe (Chrono Boost)  
  59  6:07  Probe (Chrono Boost)  
  59  6:10  Pylon  
  60  6:12  Adept  
  60  6:13  Adept x2  
  60  6:14  Adept  
  60  6:18  Probe (Chrono Boost)  
  69  6:25  Twilight Council  
  69  6:34  Pylon, Stalker  
  69  6:35  Sentry  
  69  6:39  Probe (Chrono Boost)  
  74  6:48  Adept  
  74  6:49  Adept  
  74  6:51  Probe (Chrono Boost)  
  79  7:01  Warp Prism  
  79  7:05  Protoss Ground Weapons Level 1  
  81  7:18  Unknown, Nexus  
  81  7:20  Assimilator  
  81  7:23  Probe (Chrono Boost)  
  82  7:37  Gateway  
  82  7:39  Gateway  
  82  7:45  Zealot  
  82  7:48  Charge  
  84  7:57  Immortal  
  88  8:00  Adept  
  88  8:03  Zealot x2  
  94  8:06  Probe (Chrono Boost)  
  95  8:17  Probe (Chrono Boost)  
  96  8:29  Unknown  
  96  8:48  Adept x3  
  100  8:49  Adept  
  100  8:50  Adept, Zealot  
  86  9:10  Stalker x2  
  86  9:11  Stalker  
  86  9:12  Stalker  
  86  9:13  Stalker  
  86  9:14  Stalker  
  94  9:28  Pylon  
  94  9:31  Probe (Chrono Boost)  
  95  9:40  Mothership Core (Chrono Boost)  
  95  9:41  Probe (Chrono Boost)  
  94  9:52  Probe (Chrono Boost)  
  73  10:01  Stalker  
  73  10:02  Stalker, Probe (Chrono Boost)  
  73  10:03  Stalker  
  73  10:04  Stalker  
  73  10:05  Stalker, Protoss Ground Armor Level 1  
  73  10:06  Stalker  
  68  10:13  Probe (Chrono Boost)  
  59  10:29  Pylon  
  59  10:32  Photon Cannon  
  59  10:34  Photon Cannon  
  59  10:37  Assimilator, Photon Cannon  
  59  10:43  Stalker  
  59  10:44  Sentry, Stalker  
  59  10:45  Assimilator, Stalker  
  59  10:46  Pylon  
  59  10:48  Pylon, Adept  
  60  11:25  Stalker x2  
  62  11:26  Stalker  
  62  11:27  Stalker  
  62  11:28  Stalker  
  62  11:29  Stalker  
  56  11:44  Probe (Chrono Boost)  
  57  11:51  Protoss Ground Weapons Level 2  
  57  11:55  Probe (Chrono Boost)  
  58  12:05  Probe (Chrono Boost)  
  58  12:07  Unknown, Nexus  
  59  12:16  Unknown, Nexus, Probe (Chrono Boost)  
  59  12:21  Pylon  
  59  12:26  Probe (Chrono Boost)  
  59  12:28  Stalker  
  59  12:29  Stalker  
  64  12:30  Stalker  
  64  12:31  Stalker  
  64  12:32  Sentry  
  64  12:33  Stalker  
  72  12:47  Probe (Chrono Boost)  
  72  12:48  Gateway  
  72  12:50  Gateway  
  73  12:53  Blink  
  73  12:58  Probe (Chrono Boost)  
  74  12:59  Photon Cannon  
  74  13:00  Photon Cannon  
  74  13:02  Pylon  
  74  13:08  Probe (Chrono Boost)  
  75  13:19  Probe (Chrono Boost)  
  76  13:21  Forge  
  76  13:27  Stalker  
  76  13:28  Stalker, Unknown  
  76  13:29  Stalker, Probe (Chrono Boost)  
  76  13:30  Sentry  
  76  13:33  Stalker  
  87  13:40  Probe (Chrono Boost)  
  88  13:43  Probe (Chrono Boost)  
  89  13:51  Probe (Chrono Boost)  
  89  13:52  Dark Shrine  
  89  13:53  Probe (Chrono Boost)  
  91  14:04  Probe (Chrono Boost)  
  91  14:08  Zealot  
  91  14:09  Zealot  
  96  14:10  Zealot  
  96  14:11  Zealot  
  96  14:12  Zealot  
  96  14:13  Zealot  
  96  14:14  Probe (Chrono Boost), Zealot  
  96  14:15  Zealot  
  109  14:18  Probe (Chrono Boost)  
  110  14:25  Probe (Chrono Boost)  
  110  14:29  Probe (Chrono Boost)  
  112  14:34  Assimilator  
  112  14:35  Probe (Chrono Boost)  
  113  14:40  Mothership Core (Chrono Boost)  
  115  14:46  Probe (Chrono Boost)  
  115  14:49  Assimilator  
  116  14:54  Assimilator  
  116  14:56  Stalker, Probe (Chrono Boost)  
  116  14:57  Stalker  
  116  14:58  Stalker  
  116  14:59  Protoss Ground Weapons Level 3, Stalker  
  125  15:00  Stalker  
  128  15:07  Probe (Chrono Boost)  
  128  15:09  Pylon  
  128  15:17  Probe (Chrono Boost)  
  129  15:32  Unknown, Nexus  
  129  15:42  Protoss Shields Level 1  
  129  15:46  Stalker  
  129  15:47  Stalker x2  
  135  16:14  Pylon, Stalker  
  135  16:15  Zealot  
  135  16:16  Zealot x2  
  135  16:17  Zealot  
  145  16:19  Stalker x2  
  145  16:20  Stalker  
  151  16:26  Immortal  
  151  16:30  Pylon  
  155  16:33  Pylon  
  155  16:43  Unknown  
  155  16:54  Stalker x2  
  155  16:55  Stalker  
  155  16:56  Stalker x2  
  155  16:57  Stalker  
  155  16:58  Stalker  
  155  16:59  Stalker  
  171  17:05  Immortal  
  136  17:18  Stalker x2  
  136  17:19  Stalker  
  136  17:20  Stalker  
  96  17:25  Zealot  
  96  17:26  Zealot x2  
  96  17:27  Zealot  
  96  17:29  Protoss Ground Armor Level 2  
  82  17:43  Zealot  
  84  17:45  Dark Templar  
  84  17:46  Dark Templar  
  84  17:47  Dark Templar  
  84  17:48  Zealot x2  
  84  17:49  Zealot  
  84  17:50  Zealot  
  98  17:55  Probe (Chrono Boost)  
  99  18:02  Protoss Shields Level 2  
  99  18:06  Probe (Chrono Boost)  
  99  18:09  Pylon  
  100  18:16  Probe (Chrono Boost), Zealot  
  100  18:17  Zealot  
  105  18:23  Pylon  
  106  18:27  Probe (Chrono Boost)  
  106  18:30  Unknown, Nexus  
  106  18:37  Probe (Chrono Boost)  
  107  18:53  Zealot  
  107  18:54  Dark Templar  
  107  18:55  Stalker  
  113  18:56  Stalker x2  
  113  18:57  Stalker  
  113  18:58  Stalker  
  113  18:59  Stalker  
  123  19:02  Gateway  
  123  19:04  Assimilator  
  123  19:17  Immortal  
  127  19:28  Zealot x2  
  127  19:30  Sentry  
  127  19:31  Sentry, Robotics Bay  
  135  19:32  Stalker  
  135  19:33  Dark Templar x2  
  135  19:34  Dark Templar  
  143  19:42  Unknown  
  143  19:48  Gateway  
  143  19:52  Probe (Chrono Boost)  
  144  19:55  Zealot x2  
  144  19:56  Zealot  
  144  19:57  Zealot x2  
  154  20:02  Probe (Chrono Boost)  
  155  20:10  Dark Templar  
  155  20:11  Archon x2  
  155  20:12  Archon  
  155  20:13  Dark Templar, Probe (Chrono Boost)  
  160  20:14  Dark Templar  
  160  20:16  Sentry  
  160  20:17  Stalker  
  160  20:18  Stalker  
  160  20:19  Stalker  
  160  20:20  Stalker  
  172  20:23  Probe (Chrono Boost)  
  173  20:29  Colossus  
  173  20:34  Probe (Chrono Boost)  
  172  21:11  Zealot x2  
  172  21:12  Zealot x3  
  172  21:13  Stalker  
  172  21:14  Stalker x3  
  190  21:23  Disruptor  
  91  21:53  Zealot x2  
  75  21:54  Dark Templar x2  
  75  21:55  Dark Templar x2  
  75  21:56  Dark Templar x2  
  75  21:59  Observer  
  75  22:00  Protoss Shields Level 3  
  88  22:07  Stalker  
  84  22:20  Colossus  
  90  22:23  Protoss Ground Armor Level 3  
  90  22:26  Stalker  
  90  22:27  Stalker  
  92  22:53  Stalker  
  92  22:54  Zealot x2  
  92  22:55  Stalker x2  
  92  22:56  Stalker  
  92  22:57  Stalker x2  
  108  22:58  Stalker  
  108  23:02  Gateway  
  108  23:05  Assimilator  
  110  23:07  Probe (Chrono Boost)  
  110  23:11  Unknown, Nexus  
  111  23:13  Pylon, Colossus  
  111  23:16  Pylon  
  111  23:17  Probe (Chrono Boost)  
  118  23:28  Probe (Chrono Boost)  
  111  23:35  Dark Templar x2  
  111  23:36  Dark Templar  
  111  23:37  Zealot x4  
  111  23:38  Zealot x2  
  124  23:58  Photon Cannon  
  124  24:01  Photon Cannon  
  124  24:07  Photon Cannon  
  100  24:22  Unknown  
  47  24:50  Stalker x2  
  47  24:51  Stalker x3  
  47  24:52  Stalker x2  
  45  24:53  Stalker x2  
  45  24:59  Probe (Chrono Boost)  
  50  25:03  Mothership Core (Chrono Boost)  
  52  25:09  Probe (Chrono Boost)  
  53  25:15  Observer  
  53  25:20  Probe (Chrono Boost)  
  55  25:29  Stalker x2  
  55  25:30  Probe (Chrono Boost)  
  60  25:37  Observer  
  60  25:41  Probe (Chrono Boost)  
  58  25:46  Stalker, Zealot  
  58  25:47  Zealot x3  
  58  25:49  Zealot  
  69  25:52  Probe (Chrono Boost)  
  57  26:01  Stalker  
  57  26:02  Stalker, Probe (Chrono Boost)  
  21  26:25  Stalker x2  
  19  26:26  Stalker x2  
  25  26:43  Zealot  
  24  27:10  Probe (Chrono Boost)  
  25  27:20  Probe (Chrono Boost)  
  26  27:31  Probe (Chrono Boost), Zealot  
  29  27:41  Probe (Chrono Boost)  
  14  28:42  Zealot  
  14  28:44  Zealot  
  18  28:57  Gateway  
  14  29:43  Gateway  
  14  30:02  Pylon  
Tags
 
Add a new tag
Caveats
  • Supply blocks, unpowered buildings, or Contaminate may cause inaccurate times.
  • Supply counts are checked every 10 seconds.